Map: Ascension to Aiur LE

Players

iAsonu

  • Race: Zerg Zerg
  • Spawn Location: 11:00

TYTY - Winner!

  • Race: Terran Terran
  • Spawn Location: 5:00

VOD

Have the link to the VOD?

Description

Time

  • Played on: July 28, 2017, 9:52 p.m.
  • Length: 11:21
Show
View Real Time Build Order
Export as new Build Order

iAsonu Zerg 

Build Orders: Hatch First, Muta Ling Bane 

Get SALT Encoding   

  12  0:01  Drone  
  13  0:12  Overlord  
  13  0:17  Drone  
  14  0:31  Drone x2  
  14  0:34  Drone  
  17  0:51  Hatchery  
  17  0:55  Drone  
  17  0:57  Drone  
  18  1:09  Extractor  
  17  1:12  Spawning Pool  
  17  1:15  Drone  
  17  1:18  Drone  
  18  1:28  Drone  
  19  1:39  Overlord  
  19  1:50  Drone  
  20  1:58  Queen  
  20  2:00  Zergling x2  
  23  2:03  Queen  
  23  2:04  Zergling x2  
  23  2:08  Metabolic Boost  
  26  2:12  Drone  
  26  2:14  Drone  
  28  2:23  Drone  
  29  2:30  Overlord  
  29  2:34  Queen, Drone  
  32  2:40  Drone  
  32  2:41  Queen  
  35  2:51  Drone  
  36  2:52  Drone  
  37  3:01  Drone x2  
  39  3:10  Overlord  
  39  3:11  Drone x2  
  41  3:14  Drone x2  
  41  3:17  Zergling x2  
  44  3:25  Hatchery  
  43  3:28  Overlord  
  43  3:31  Drone  
  43  3:32  Drone x2  
  46  3:37  Drone  
  46  3:41  Drone  
  46  3:43  Drone  
  46  3:44  Drone x3  
  50  3:53  Drone  
  50  3:55  Drone  
  52  3:56  Extractor x2, Drone x3  
  53  4:03  Evolution Chamber  
  53  4:05  Evolution Chamber  
  51  4:13  Zergling x2  
  50  4:21  Drone x2  
  50  4:22  Overlord  
  51  4:25  Drone  
  51  4:26  Overlord  
  52  4:31  Overlord  
  52  4:36  Drone  
  53  4:38  Overlord  
  53  4:39  Drone x2  
  53  4:41  Zerg Ground Armor Level 1  
  53  4:43  Drone x2  
  57  4:50  Drone  
  57  4:52  Drone x2  
  60  4:56  Drone  
  60  4:57  Drone x2  
  60  4:58  Drone  
  64  5:02  Zerg Melee Weapons Level 1  
  64  5:03  Drone x2  
  66  5:07  Extractor x2  
  66  5:10  Drone  
  65  5:14  Drone  
  65  5:19  Drone  
  67  5:22  Lair  
  67  5:23  Drone x4  
  67  5:28  Drone x2  
  73  5:30  Overlord  
  73  5:32  Drone  
  73  5:35  Drone x2  
  76  5:36  Drone x2  
  78  5:42  Hatchery  
  78  5:43  Baneling Nest  
  78  5:44  Drone x2  
  78  5:47  Overlord  
  78  5:50  Extractor, Zergling x8  
  81  6:01  Zergling x8  
  81  6:03  Hatchery  
  84  6:07  Zergling x2  
  84  6:08  Zergling x8  
  89  6:15  Queen  
  89  6:18  Zergling x12  
  97  6:27  Baneling x4  
  97  6:28  Baneling  
  97  6:29  Centrifical Hooks  
  97  6:31  Overseer, Spire  
  94  6:42  Zergling x2  
  94  6:43  Zergling x20  
  94  6:46  Zerg Ground Armor Level 2  
  101  6:51  Overlord  
  101  6:52  Overlord  
  101  7:00  Overseer  
  101  7:01  Zerg Melee Weapons Level 2  
  101  7:02  Queen, Overlord  
  101  7:17  Overlord  
  88  7:25  Zergling x34  
  100  7:30  Zergling x2  
  100  7:31  Zergling x4  
  103  7:37  Zergling x6  
  101  7:50  Mutalisk  
  101  7:51  Mutalisk x7  
  105  8:02  Mutalisk x5  
  103  8:14  Drone x7  
  110  8:20  Baneling x8  
  110  8:21  Overseer  
  110  8:24  Overseer  
  108  8:28  Zergling x8  
  112  8:38  Zergling x2  
  112  8:39  Zergling x14  
  120  8:44  Zergling x6  
  118  8:54  Hatchery  
  111  9:04  Mutalisk x5  
  121  9:10  Queen  
  123  9:22  Queen  
  121  9:24  Drone x3  
  121  9:27  Zergling x16  
  125  9:38  Zergling x6  
  115  9:44  Zergling x10  
  120  9:48  Overseer, Baneling x8  
  108  10:01  Queen  
  108  10:05  Drone  
  108  10:06  Drone x7  
  118  10:12  Zergling x2  
  118  10:13  Zergling x12  
  119  10:20  Baneling x4  
  119  10:21  Baneling x12  
  119  10:27  Zergling x14  
  124  10:36  Zergling x12  
  124  10:40  Zergling x6  
Show
View Real Time Build Order
Export as new Build Order

TYTY Terran - Winner!

Build Orders: Reaper Expand, Bio Mine 

Get SALT Encoding   

  12  0:00  SCV  
  13  0:12  SCV  
  14  0:17  Supply Depot  
  14  0:24  SCV  
  15  0:38  SCV  
  15  0:39  Barracks  
  16  0:43  Refinery  
  16  0:50  SCV  
  17  1:02  SCV  
  18  1:15  SCV  
  19  1:26  Reaper  
  19  1:27  Orbital Command  
  20  1:40  Command Center  
  20  1:48  Supply Depot  
  20  1:53  SCV  
  21  1:58  Marine  
  22  2:03  Factory  
  22  2:07  SCV  
  23  2:19  SCV  
  23  2:20  Barracks Reactor  
  24  2:31  SCV  
  25  2:43  SCV  
  26  2:45  Command Center  
  26  2:51  Orbital Command  
  26  2:55  SCV  
  27  3:01  Hellion  
  27  3:02  Hellion  
  31  3:06  Barracks Tech Lab  
  31  3:08  SCV  
  32  3:18  SCV  
  33  3:20  SCV  
  33  3:22  Hellion  
  33  3:23  Hellion  
  38  3:27  Stimpack  
  38  3:28  Marine  
  38  3:31  SCV  
  40  3:35  SCV  
  41  3:43  SCV  
  41  3:46  Marine  
  41  3:47  SCV  
  44  3:53  Barracks  
  44  3:55  SCV, Barracks, Factory Reactor  
  45  3:57  Orbital Command  
  45  4:01  SCV  
  46  4:04  Marine  
  46  4:07  SCV  
  48  4:13  SCV  
  49  4:19  SCV  
  49  4:21  Marine  
  49  4:24  SCV  
  50  4:25  SCV  
  50  4:26  Refinery  
  49  4:32  Engineering Bay  
  49  4:34  SCV, Engineering Bay  
  50  4:39  Marine  
  50  4:43  Marine x2  
  50  4:46  SCV, Starport  
  50  4:47  Refinery  
  50  4:48  Refinery  
  50  4:50  Marine x2  
  50  4:51  Factory Reactor  
  54  4:52  SCV  
  54  4:57  Marine  
  56  5:00  SCV  
  56  5:01  Marine x2  
  56  5:02  Orbital Command  
  56  5:05  SCV  
  57  5:07  Terran Infantry Weapons Level 1  
  57  5:08  Marine  
  57  5:13  SCV  
  60  5:16  Terran Infantry Armor Level 1  
  60  5:19  Marine, SCV  
  61  5:22  Supply Depot x2  
  61  5:27  Supply Depot  
  61  5:28  SCV x2, Supply Depot  
  66  5:31  SCV  
  66  5:33  Medivac  
  66  5:35  Medivac  
  69  5:38  Factory Reactor  
  69  5:40  SCV  
  69  5:43  SCV  
  69  5:44  SCV, Marine x5  
  69  5:45  Barracks  
  69  5:47  Barracks, Combat Shields  
  76  5:53  Liberator, Supply Depot  
  76  5:54  SCV  
  76  5:55  SCV  
  78  5:57  SCV  
  78  6:02  Marine x2  
  81  6:06  SCV, Medivac  
  81  6:07  SCV  
  81  6:09  SCV  
  89  6:13  Marine x2  
  89  6:14  Marine  
  89  6:16  Widow Mine  
  89  6:18  SCV, Widow Mine  
  97  6:19  SCV  
  97  6:20  Marine  
  97  6:22  SCV  
  97  6:25  Armory  
  100  6:29  Supply Depot  
  101  6:32  SCV  
  101  6:33  Barracks Reactor, SCV  
  102  6:43  Marine x4  
  102  6:45  Barracks Reactor, Widow Mine  
  102  6:46  SCV  
  102  6:47  SCV x2  
  109  6:50  Widow Mine  
  109  6:52  Medivac  
  113  6:56  Supply Depot  
  113  6:58  SCV  
  113  6:59  SCV, Marine  
  113  7:00  Marine  
  117  7:12  Marine  
  117  7:13  Terran Infantry Weapons Level 2  
  117  7:18  Marine x6, SCV x2  
  117  7:21  Terran Infantry Armor Level 2  
  122  7:24  Widow Mine x2  
  122  7:29  Marine x2  
  125  7:37  Factory  
  125  7:39  Supply Depot  
  125  7:42  Marine  
  125  7:44  Marine  
  125  7:49  Marine x3  
  125  7:51  Marine, Refinery  
  125  7:52  Supply Depot  
  125  7:53  Marine x2  
  125  7:54  Marine, Supply Depot  
  125  7:56  Command Center  
  122  8:00  Marine  
  122  8:02  Widow Mine x2  
  122  8:05  Marine  
  128  8:06  Marine x3  
  128  8:09  Marine  
  128  8:11  Marine  
  133  8:14  Medivac x2  
  133  8:15  Marine x2  
  133  8:16  SCV x2  
  133  8:18  Marine  
  142  8:24  Marine x3  
  142  8:25  Marauder  
  138  8:27  Marine, Bunker  
  138  8:28  Supply Depot  
  138  8:29  Marine  
  138  8:30  Terran Vehicle Weapons Level 1  
  138  8:32  Marine  
  140  8:37  Marine  
  140  8:38  Marine  
  140  8:39  SCV x2  
  144  8:41  Factory Tech Lab  
  144  8:42  Marine  
  146  8:53  Marine  
  146  8:54  Marauder, Marine x2  
  151  9:00  Thor  
  151  9:02  Drilling Claws  
  153  9:04  SCV x2, Missile Turret  
  153  9:07  Marine x2  
  153  9:08  Marine x2  
  153  9:09  Planetary Fortress  
  158  9:12  Missile Turret  
  158  9:13  Widow Mine x2  
  160  9:24  SCV x2  
  160  9:25  Supply Depot  
  160  9:27  Barracks x2, Medivac x2  
  160  9:29  Marauder, Marine x4  
  160  9:30  Marine x2  
  171  9:37  Marine x2  
  163  9:41  Missile Turret  
  163  9:42  Missile Turret  
  163  9:43  Thor, Refinery  
  163  9:44  Refinery  
  169  9:46  Marine  
  169  9:47  Marine x2  
  169  9:50  Marine x2  
  169  9:51  Unknown x4  
  169  9:52  Marine x2  
  176  9:55  Marine x2, Widow Mine  
  180  10:10  Command Center  
  180  10:11  Supply Depot  
  180  10:12  Marine  
  180  10:15  Marine, Widow Mine  
  180  10:16  Medivac  
  180  10:18  Barracks Tech Lab, Medivac  
  180  10:19  Marauder, Marine, Barracks Tech Lab  
  180  10:24  Marine x2  
  180  10:32  Marine x4  
  180  10:33  Marine  
  180  10:34  Supply Depot  
  185  10:37  Marine  
  185  10:41  Marauder  
  188  10:54  Marine  
  188  10:55  Marine x2  
  188  10:56  Marauder x2, Marine x2  
  196  11:01  Marine x4  
Tags
 
Add a new tag
Caveats
  • Supply blocks, unpowered buildings, or Contaminate may cause inaccurate times.
  • Supply counts are checked every 10 seconds.